 Dungeon Crawl Stone Soup version 0.27-a0-1196-g3e9cee4cb2 (webtiles) character file.

Game seed: 16059025032391289615

140 Alter the Shield-Bearer (level 5, -9/47 HPs)
             Began as a Gnoll Fighter on May 28, 2021.
             Was a Believer of Zin.
             Killed by divine providence
             ... invoked by an orc priest
              (11 damage)
             ... on level 3 of the Dungeon.
             The game lasted 00:06:00 (1985 turns).

Alter the Shield-Bearer (Gnoll Fighter)             Turns: 1985, Time: 00:06:00

Health: -9/47      AC: 13    Str: 17    XL:     5   Next: 23%
Magic:  5/7        EV:  4    Int:  7    God:    Zin [**....]
Gold:   103        SH: 10    Dex: 11    Spells: 6/6 levels left

rFire    . . .     SeeInvis .   a - +0 flail
rCold    . . .     Faith    .   c - +0 kite shield
rNeg     . . .     Spirit   .   e - +0 plate armour
rPois    .         Reflect  .   (no helmet)
rElec    .         Harm     .   (no cloak)
rCorr    .         Rampage  .   (no gloves)
Will     .....                  (no boots)
Stlth    ..........             (no amulet)
HPRegen  0.15/turn              (no ring)
MPRegen  0.10/turn              (no ring)

@: mighty
A: fangs 1, strong nose, distributed training
a: Renounce Religion, Recite, Vitalisation, Donate Gold


You were on level 3 of the Dungeon.
You worshipped Zin.
Zin was pleased with you.
You visited 1 branch of the dungeon, and saw 3 of its levels.

You collected 114 gold pieces.
You donated 11 gold pieces to Zin.

Inventory:

Hand Weapons
 a - a +0 flail (weapon)
 h - a +0 dagger
Missiles
 l - 2 throwing nets (quivered)
Armour
 b - a +0 scale mail
 c - a +0 kite shield (worn)
 e - a +0 plate armour (worn)
 m - a +0 pair of boots
Scrolls
 f - a scroll of teleportation {unknown}
 g - a scroll of brand weapon {unknown}
 j - 3 scrolls of noise {unknown}
 k - a scroll of identify {unknown}
Potions
 d - a potion of might
 i - 3 potions of brilliance
 n - a potion of curing {unknown}


   Skills:
 + Level 6.6 Fighting
 + Level 1.4 Short Blades
 + Level 1.4 Long Blades
 + Level 1.4 Axes
 + Level 4.7 Maces & Flails
 + Level 1.4 Polearms
 + Level 1.4 Staves
 + Level 1.4 Slings
 + Level 1.4 Bows
 + Level 1.4 Crossbows
 + Level 1.4 Throwing
 + Level 6.6 Armour
 + Level 1.4 Dodging
 + Level 1.4 Stealth
 + Level 6.6 Shields
 + Level 1.4 Unarmed Combat
 + Level 1.4 Spellcasting
 + Level 1.1 Conjurations
 + Level 1.1 Hexes
 + Level 1.1 Summonings
 + Level 1.1 Necromancy
 + Level 1.1 Translocations
 + Level 1.1 Transmutations
 + Level 1.1 Fire Magic
 + Level 1.1 Ice Magic
 + Level 1.1 Air Magic
 + Level 1.1 Earth Magic
 + Level 1.1 Poison Magic
 + Level 1.5 Invocations
 + Level 1.4 Evocations


You had 6 spell levels left.
You didn't know any spells.
Your spell library was empty.

Dungeon Overview and Level Annotations

Branches:
Dungeon (3/15)

Altars:
Vehumet
Zin


Innate Abilities, Weirdness & Mutations

You have very sharp teeth.
Your uncanny sense of smell can sniff out nearby items.
Your experience applies equally to all skills.


Message History

Items here: )) [ †.
You thump the orc priest!
The orc priest is heavily wounded.
The orc priest hits you but does no damage.
The orc priest invokes the aid of Beogh against you.
Pain shoots through your body!
You sock the orc priest!
You kill the orc priest!
You block the orc's attack.
You have reached level 5!
You closely miss the orc priest.
The orc priest hits you but does no damage.
The orc hits you with a +0 club.
The orc priest hits you but does no damage.
You closely miss the orc priest. The orc hits you but does no damage.
The orc priest begins to cast a cantrip, but forgets the words!
You barely miss the orc. You block the orc's attack.
The orc priest begins to cast a cantrip, but forgets the words!
You block the orc's attack.
The orc priest invokes the aid of Beogh against you.
Pain shoots through your body!
You hit the orc priest but do no damage.
The orc hits you but does no damage.
The orc priest calls down the wrath of Beogh upon you.
You barely resist.
Your shield and plate armour prevent you from hitting the orc priest.
The orc hits you but does no damage.
The orc priest calls down the wrath of Beogh upon you.
Beogh smites you!
* * * LOW HITPOINT WARNING * * *
You thump the orc priest!
The orc priest is almost dead.
The orc hits you but does no damage.
The orc priest mumbles some strange prayers to Beogh against you.
Pain shoots through your body!
* * * LOW HITPOINT WARNING * * *
The orc hits you but does no damage.
The orc priest mumbles some strange prayers to Beogh against you.
Beogh smites you!
You die...

####### .......
################
.......##.#.....##.>...#
.......#..<.............
.......#................
......o#................
......o@......>.........
.......#................
........................
........#...............
###.###.##..............
#. .. ##.............
#.#..# #..............
#...# ##..............
#..####...............


You could see an orc priest and an orc.

Vanquished Creatures
  An orc priest (D:3)
  4 gnolls (D:2)
  A worm (D:2)
  3 dart slugs
  2 orcs (D:3)
  3 bats
  4 endoplasms
  A giant cockroach (D:1)
  5 goblins
  4 hobgoblins
  17 jackals
  A quokka (D:2)
  A ball python (D:2)
  5 frilled lizards
  3 kobolds
  2 rats (D:1)
57 creatures vanquished.

Notes
Turn   | Place    | Note
-------+----------+-------------------------------------------
     0 | D:1      | Alter the Gnoll Fighter began the quest for the Orb.
     0 | D:1      | Reached XP level 1. HP: 23/23 MP: 1/1
   191 | D:1      | Reached XP level 2. HP: 24/29 MP: 2/2
   271 | D:1      | Found a faded altar of an unknown god.
   296 | D:1      | Became a worshipper of Zin the Law-Giver
   296 | D:1      | Reached * piety under Zin
   462 | D:1      | Reached XP level 3. HP: 34/35 MP: 3/3
   773 | D:1      | Reached skill level 1 in Invocations
   969 | D:2      | Reached skill level 1 in Short Blades
   969 | D:2      | Reached skill level 1 in Long Blades
   969 | D:2      | Reached skill level 1 in Axes
   969 | D:2      | Reached skill level 1 in Polearms
   969 | D:2      | Reached skill level 1 in Staves
   969 | D:2      | Reached skill level 1 in Slings
   969 | D:2      | Reached skill level 1 in Bows
   969 | D:2      | Reached skill level 1 in Crossbows
   969 | D:2      | Reached skill level 1 in Throwing
   969 | D:2      | Reached skill level 1 in Dodging
   969 | D:2      | Reached skill level 1 in Stealth
   969 | D:2      | Reached skill level 1 in Unarmed Combat
   969 | D:2      | Reached skill level 1 in Spellcasting
   969 | D:2      | Reached skill level 1 in Evocations
   996 | D:2      | Reached XP level 4. HP: 9/41 MP: 5/5
  1364 | D:2      | Reached skill level 1 in Conjurations
  1364 | D:2      | Reached skill level 1 in Hexes
  1364 | D:2      | Reached skill level 1 in Summonings
  1364 | D:2      | Reached skill level 1 in Necromancy
  1364 | D:2      | Reached skill level 1 in Translocations
  1364 | D:2      | Reached skill level 1 in Transmutations
  1364 | D:2      | Reached skill level 1 in Fire Magic
  1364 | D:2      | Reached skill level 1 in Ice Magic
  1364 | D:2      | Reached skill level 1 in Air Magic
  1364 | D:2      | Reached skill level 1 in Earth Magic
  1364 | D:2      | Reached skill level 1 in Poison Magic
  1405 | D:2      | Reached ** piety under Zin
  1776 | D:3      | Found a radiant altar of Vehumet.
  1980 | D:3      | Reached XP level 5. HP: 36/47 MP: 5/7
  1985 | D:3      | HP: 2/47 [orc priest/nerve-wracking pain (12)]
  1985 | D:3      | Killed from afar by an orc priest

Illustrated notes

Levels and vault maps discovered:
D:1:      dpeg_arrival_renting, layout_basic, basic_ecumenical_altar,
          serial_park_tiny_1
D:2:      layout_rooms
D:3:      layout_rooms, regret_index_temple_of_mockery, fiery_altar_vehumet

Skill      XL: |  1  2  3  4 |
---------------+-------------+-----
Invocations    | 1 |  1.5
Short Blades   | 1 |  1.4
Long Blades    | 1 |  1.4
Axes           | 1 |  1.4
Polearms       | 1 |  1.4
Staves         | 1 |  1.4
Slings         | 1 |  1.4
Bows           | 1 |  1.4
Crossbows      | 1 |  1.4
Throwing       | 1 |  1.4
Dodging        | 1 |  1.4
Stealth        | 1 |  1.4
Unarmed Combat | 1 |  1.4
Spellcasting   | 1 |  1.4
Evocations     | 1 |  1.4
Conjurations   | 1 |  1.1
Hexes          | 1 |  1.1
Summonings     | 1 |  1.1
Necromancy     | 1 |  1.1
Translocations | 1 |  1.1
Transmutations | 1 |  1.1
Fire Magic     | 1 |  1.1
Ice Magic      | 1 |  1.1
Air Magic      | 1 |  1.1
Earth Magic    | 1 |  1.1
Poison Magic   | 1 |  1.1
Fighting       | |  6.6
Maces & Flails | |  4.7
Armour         | |  6.6
Shields        | |  6.6

Action                   |  1- 3 |  4- 6 || total
-------------------------+-------+-------++-------
Melee: Flail             |   115 |    48 ||   163
       Bite              |    13 |     3 ||    16
  Use: Potion            |       |     2 ||     2
Armor: Scale mail        |     3 |       ||     3
       Plate armour      |    97 |    30 ||   127
Dodge: Dodged            |    25 |     5 ||    30
Block: Kite shield       |    68 |    26 ||    94

Table legend: (Time is in decaauts)
 A = Elapsed time spent in this place.
 B = Non-inter-level travel time spent in this place.
 C = Inter-level travel time spent in this place.
 D = Time resting spent in this place.
 E = Time spent auto-exploring this place.
 F = Levels seen in this place.
 G = Mean time per level.
                   A        B        C        D        E       F      G
               +--------+--------+--------+--------+--------+-----+--------+
         Total |   2040 |   2040 |      0 |    237 |    985 |   3 |  680.0 |
       Dungeon |   2040 |   2040 |      0 |    237 |    985 |   3 |  680.0 |
               +--------+--------+--------+--------+--------+-----+--------+

Top non-repeatable levels by time:
     D:1: 969 daAuts
     D:2: 785 daAuts
     D:3: 285 daAuts
